 Dungeon Crawl Stone Soup version 0.31-a0-217-g58bb5d79cf (webtiles) character file.

Game seed: 12692751867983089137

30 qw the Shooter (level 3, -3/21 HPs)
             Began as a Gargoyle Hexslinger on July 2, 2023.
             Slain by Sigmund
             ... wielding a +0 scythe
              (7 damage)
             ... on level 2 of the Dungeon.
             The game lasted 00:00:21 (949 turns).

qw the Shooter (Gargoyle Hexslinger)                 Turns: 949, Time: 00:00:21

Health: -3/21      AC:  6    Str: 11    XL:     3   Next: 18%
Magic:  4/4        EV: 12    Int: 13    God:
Gold:   34         SH:  0    Dex: 14    Spells: 3/4 levels left

rFire   . . .        Y - +2 sling
rCold   . . .        (no shield)
rNeg    + . .        c - +0 robe
rPois   inf          h - +0 helmet
rElec   +            (no cloak)
rCorr   .            (no gloves)
SInv    .            (no boots)
Will    .....        (no amulet)
Stlth   +            (no ring)
HPRegen 0.23/turn    (no ring)
MPRegen 0.09/turn

%: no passive effects
@: no status effects
A: sickness immunity, AC +3, negative energy resistance 1, electricity
resistance, torment resistance 1, petrification resistance
a: no special abilities


You were on level 2 of the Dungeon.
You visited 1 branch of the dungeon, and saw 2 of its levels.

You collected 34 gold pieces.


Innate Abilities, Weirdness & Mutations

You are immune to sickness and miasma.
Your stone body is resilient. (AC +3)
You are immune to poison.
You resist negative energy. (rN+)
You are resistant to electric shocks. (rElec)
You are resistant to unholy torment.
You are immune to petrification.


   Skills:
 - Level 2.1 Fighting
 + Level 3.0 Ranged Weapons
 - Level 1.5 Dodging
 - Level 1.0 Spellcasting
 - Level 2.6 Hexes


You had 3 spell levels left.
You knew the following spells:

 Your Spells              Type           Power      Damage    Failure   Level
a - Slow                  Hex            28%        N/A       10%         1

Your spell library contained the following spells:

 Spells                   Type           Power      Damage    Failure   Level
 Inner Flame              Hex/Fire       4%         N/A       43%         3
 Portal Projectile        Hex/Tloc       8%         N/A       43%         3
 Cause Fear               Hex            3%         N/A       67%         4

Inventory:

Hand Weapons
 Y - a +2 sling (weapon)
Armour
 c - a +0 robe (worn)
 h - a +0 helmet (worn)

Dungeon Overview and Level Annotations

Branches:
Dungeon (2/15)

Altars:

Annotations:
D:2 Sigmund


Message History

The quokka bites you but does no damage.
You shoot a sling bullet. The sling bullet misses the quokka.
The quokka closely misses you.
Sigmund hits you from afar with a +0 scythe.
You shoot a sling bullet. The sling bullet misses the quokka.
The quokka bites you. The quokka closely misses you.
Sigmund closely misses you.
932 ||| DRINKING potion of heal wounds.
You feel much better.
The quokka bites you but does no damage.
You shoot a sling bullet.
The sling bullet closely misses the quokka.
The quokka misses you.
Sigmund hits you from afar with a +0 scythe.
The quokka barely misses you.
You shoot a sling bullet. The sling bullet hits the quokka.
You kill the quokka!
Sigmund casts a spell at you.
You are confused.
Sigmund closely misses you. Sigmund barely misses you.
Sigmund looks at you with fury.
Sigmund hits you from afar with a +0 scythe.
Sigmund gestures at you while chanting.
You are more confused.
Sigmund hits you but does no damage. Sigmund hits you but does no damage.
Sigmund hits you from afar with a +0 scythe.
You feel less confused. Sigmund closely misses you.
You shoot a sling bullet. The sling bullet hits Sigmund.
Sigmund is moderately wounded.
Sigmund hits you from afar with a +0 scythe.
You shoot a sling bullet.
The sling bullet closely misses Sigmund.
Sigmund barely misses you.
You shoot a sling bullet. The sling bullet hits Sigmund!
Sigmund is heavily wounded.
You shoot a sling bullet.
The sling bullet closely misses Sigmund.
Sigmund hits you from afar with a +0 scythe!
You die...

#### ..# ####
..#....
#.#..#.##
#..@....#
#@#####.#
#...[...#
....#..#..#.#
......(.%.#
....#####.#
...........#
##..#.#.<#.#
#.. #.##...
#. ... ..#.#


You could see Sigmund.

Vanquished Creatures
  An adder (D:2)
  A dart slug (D:1)
  2 giant cockroaches (D:1)
  3 goblins (D:1)
  A quokka (D:2)
  3 ball pythons (D:1)
  4 bats
  A frilled lizard (D:1)
  A kobold (D:1)
  3 rats
20 creatures vanquished.

Notes
Turn   | Place    | Note
-------+----------+-------------------------------------------
     0 | D:1      | qw the Gargoyle Hexslinger began the quest for the Orb.
     0 | D:1      | Reached XP level 1. HP: 12/12 MP: 2/2
     0 | D:1      | 0 ||| qw: Version: 0.3-a-40-ge99b1a8
     0 | D:1      | 0 ||| qw: Game counter: 150
     0 | D:1      | 0 ||| qw: Melee chars always use a shield: true
     0 | D:1      | 0 ||| qw: God list: Okawaru
     0 | D:1      | 0 ||| qw: Allow faded altars: false
     0 | D:1      | 0 ||| qw: Do Orc after clearing Dungeon:15 true
     0 | D:1      | 0 ||| qw: Do second Lair branch before Depths: true
     0 | D:1      | 0 ||| qw: Lair rune preference: random
     0 | D:1      | 0 ||| qw: Goals: Normal
     0 | D:1      | 0 ||| PLANNING D:1-11
   148 | D:1      | 148 ||| FLEEEEING.
   314 | D:1      | Reached XP level 2. HP: 16/16 MP: 3/3
   369 | D:1      | Found a faded altar of an unknown god.
   575 | D:1      | Reached skill level 3 in Ranged Weapons
   676 | D:1      | 676 ||| UPGRADING to +0 helmet.
   681 | D:1      | 681 ||| READING scroll labelled JEMUB KENKY.
   682 | D:1      | 682 ||| READING scroll labelled FANUKH SOILA.
   683 | D:1      | 683 ||| READING scroll labelled NIG WOAJELUHIP.
   684 | D:1      | 684 ||| READING scroll labelled UTWUPO PIUJ.
   785 | D:1      | 785 ||| DRINKING 2 fizzy emerald potions.
   786 | D:1      | 786 ||| DROPPING scroll of poison.
   827 | D:2      | 827 ||| STAIRDANCE
   899 | D:2      | Reached XP level 3. HP: 16/21 MP: 4/4
   926 | D:2      | Noticed Sigmund
   931 | D:2      | HP: 3/21 [quokka (4)]
   932 | D:2      | 932 ||| DRINKING potion of heal wounds.
   946 | D:2      | HP: 4/21 [Sigmund/+0 scythe (6)]
   949 | D:2      | Slain by Sigmund

Levels and vault maps discovered:
D:1:      dpeg_arrival_rooms_c, layout_basic,
          chequers_ecumenical_altar_simple_redux, amethyst_killhole
D:2:      layout_basic, serial_glass, glass_columns_c, glass_columns_b,
          glass_columns_a, glass_columns_c, feat_on_display,
          minmay_strange_pillars, item_on_display_a, minmay_pentomino_o4,
          uniq_sigmund

Skill      XL: |  1  2 |
---------------+-------+-----
Ranged Weapons | 3 |  3.0
Fighting       | 2 |  2.1
Dodging        | |  1.5
Spellcasting   | |  1.0
Hexes          | |  2.6

Action                     || total
---------------------------++-------
   Fire: Sling             ||    72
    Use: Scroll            ||     4
         Potion            ||     2
 Armour: Robe              ||    15
  Dodge: Dodged            ||    47

Table legend:
 A = Non-vault XP
 B = Vault XP
 C = Vault XP percentage of total XP
 D = Non-vault monster count
 E = Vault monster count
 F = Vault count percentage of total count
                 A         B        C        D         E       F
            +---------+---------+-------+---------+---------+-------
      Total |      26 |      17 |  39.5 |      16 |       4 |  20.0
            +---------+---------+-------+---------+---------+-------
        D:1 |      22 |       2 |   8.3 |      14 |       1 |   6.7
        D:2 |       4 |      15 |  78.9 |       2 |       3 |  60.0
            +---------+---------+-------+---------+---------+-------
